 Dungeon Crawl Stone Soup version 0.29-a0-231-g945431f764 (webtiles) character file.

Game seed: 15929761805660930429

147 HotDog the Covered (level 5, -2/46 HPs)
             Began as a Minotaur Fighter on Mar 1, 2022.
             Slain by Grinder (8 damage)
             ... while paralysed by Grinder
             ... on level 3 of the Dungeon.
             The game lasted 00:04:01 (3816 turns).

HotDog the Covered (Minotaur Fighter)               Turns: 3816, Time: 00:04:02

Health: -2/46      AC: 10    Str: 23    XL:     5   Next: 7%
Magic:  4/4        EV:  2    Int:  5    God:
Gold:   115        SH:  0    Dex:  9    Spells: 4/4 levels left

rFire   . . .      SeeInvis .   a - +0 long sword
rCold   . . .      Faith    .   c - +0 buckler
rNeg    . . .      Spirit   .   i - +0 chain mail
rPois   .          Reflect  .   (helmet restricted)
rElec   .          Harm     .   (no cloak)
rCorr   .          Rampage  .   (no gloves)
Will    .....                   g - +0 pair of boots
Stlth   ..........              (no amulet)
HPRegen 0.15/turn               (no ring)
MPRegen 0.09/turn               (no ring)

@: paralysed, invisible
A: horns 2, retaliatory headbutt
a: no special abilities


You were on level 3 of the Dungeon.
You visited 1 branch of the dungeon, and saw 3 of its levels.

You collected 115 gold pieces.

Inventory:

Hand Weapons
 a - a +0 long sword (weapon)
Armour
 c - a +0 buckler (worn)
 g - a +0 pair of boots (worn)
 i - a +0 chain mail (worn)
Scrolls
 b - a scroll of amnesia {unknown}
 h - 6 scrolls of teleportation {unknown}
 l - a scroll of torment {unknown}
Potions
 d - 2 potions of might
 e - 3 potions of brilliance
 j - a potion of magic {unknown}
 k - a potion of cancellation {unknown}


   Skills:
 * Level 4.2 Fighting
 * Level 4.0 Long Blades
 * Level 4.6 Armour
 * Level 1.0 Dodging
 * Level 4.4 Shields
 * Level 1.2 Invocations


You had 4 spell levels left.
You didn't know any spells.
Your spell library was empty.

Dungeon Overview and Level Annotations

Branches:
Dungeon (3/15)

Altars:

Shops:
D:2 (

Annotations:
D:3 1 runed translucent door, Grinder; goofmuffin's ghost, amateur MiBe


Innate Abilities, Weirdness & Mutations

You have a pair of horns on your head.
You reflexively headbutt those who attack you in melee.


Message History

You are too injured to fight recklessly!
You are too injured to fight recklessly!
You are too injured to fight recklessly!
You are too injured to fight recklessly!
You are too injured to fight recklessly!
You are too injured to fight recklessly!
Unknown command.
You are too injured to fight recklessly!
You closely miss Grinder.
Grinder is moderately wounded.
Grinder gestures at you.
You barely resist. You closely miss Grinder.
Grinder is moderately wounded.
Grinder hits you but does no damage.
You slash Grinder!
Grinder is heavily wounded.
Grinder gestures at you.
You suddenly lose the ability to move!
Grinder hits you but does no damage. Grinder gestures at you.
You barely resist. Grinder hits you.
* * * LOW HITPOINT WARNING * * *
You can move again.
You hit Grinder but do no damage. You headbutt Grinder.
Grinder is severely wounded.
Grinder barely misses you. You furiously retaliate!
You headbutt Grinder! Grinder hits you.
* * * LOW HITPOINT WARNING * * *
You writhe in agony.
* * * LOW HITPOINT WARNING * * *
Okay, then.
It was a potion of invisibility.
You fade into invisibility!
Grinder gestures at you.
You suddenly lose the ability to move!
Grinder hits you but does no damage. Grinder hits you!
You die...

#.#####.#####># #
#.# #.# #.# # #.#
#.# #.## # #.#
#.#####..# # #.#
#......#'#
###.############.#
............# ##.##
###.#######.# #...#
#.# #.# #.@.#
#>#######.##..)5.#
#........###.....#
##########....8....
.....#..... .....8#
#8..... #.....
.....#
##########...
...### #........#


You could see Grinder.

Vanquished Creatures
  Terence (D:3)
  An orc wizard (D:3)
  An adder (D:3)
  2 worms
  4 dart slugs
  3 orcs (D:3)
  6 bats
  6 endoplasms
  2 giant cockroaches
  7 goblins
  7 hobgoblins
  4 kobolds
  5 quokkas
  9 ball pythons
  3 frilled lizards
  6 rats
67 creatures vanquished.

Vanquished Creatures (others)
  A fungus (D:3)
  16 plants
17 creatures vanquished.

Grand Total: 84 creatures vanquished

Notes
Turn   | Place    | Note
-------+----------+-------------------------------------------
     0 | D:1      | HotDog the Minotaur Fighter began the quest for the Orb.
     0 | D:1      | Reached XP level 1. HP: 19/19 MP: 0/0
   350 | D:1      | Reached XP level 2. HP: 23/27 MP: 1/1
  1257 | D:1      | Reached XP level 3. HP: 30/33 MP: 2/2
  1824 | D:2      | Found Ishyumao's Weapon Shop.
  2799 | D:3      | Reached XP level 4. HP: 40/40 MP: 3/3
  2826 | D:3      | Reached skill level 1 in Invocations
  3369 | D:3      | Found a faded altar of an unknown god.
  3630 | D:3      | Found a runed translucent door.
  3633 | D:3      | Noticed goofmuffin's ghost (amateur MiBe)
  3793 | D:3      | Noticed Terence
  3799 | D:3      | Noticed Grinder
  3803 | D:3      | Killed Terence
  3804 | D:3      | Reached skill level 1 in Dodging
  3804 | D:3      | Reached XP level 5. HP: 28/46 MP: 4/4
  3809 | D:3      | Paralysed by Grinder for 4 turns
  3814 | D:3      | Paralysed by Grinder for 7 turns
  3816 | D:3      | Slain by Grinder

Illustrated notes

Levels and vault maps discovered:
D:1:      amcnicky_arrival_flooded_fountain, layout_basic, st_stairs_10,
          serial_bayou_lagoon_a
D:2:      layout_basic, serial_shops, shop, serial_forest,
          infiniplex_forest_end_2, infiniplex_forest_corner_2,
          infiniplex_forest_clump_long, infiniplex_forest_straight_1,
          infiniplex_forest_clump_small
D:3:      minmay_evil_eye, layout_loops_ring, minmay_overflow_temple_star_quad,
          shapermc_ecumenical_altar_hornbeckon, ebering_ghost_reflecting_pool,
          uniq_terence, uniq_grinder

Skill      XL: |  1  2  3  4 |
---------------+-------------+-----
Shields        | 4 |  4.4
Armour         | 4 |  4.6
Long Blades    | 3 4 |  4.0
Fighting       | 4 |  4.2
Invocations    | 1 |  1.2
Dodging        | 1 |  1.0

Action                   |  1- 3 |  4- 6 || total
-------------------------+-------+-------++-------
Melee: Long sword        |   133 |    72 ||   205
       Headbutt          |    17 |    13 ||    30
  Use: Scroll            |     2 |       ||     2
       Potion            |       |     1 ||     1
Armor: Scale mail        |    62 |       ||    62
       Chain mail        |     7 |    39 ||    46
Dodge: Dodged            |    57 |    21 ||    78
Block: Buckler           |    24 |     9 ||    33

Table legend: (Time is in decaauts)
 A = Elapsed time spent in this place.
 B = Non-inter-level travel time spent in this place.
 C = Inter-level travel time spent in this place.
 D = Time resting spent in this place.
 E = Time spent auto-exploring this place.
 F = Levels seen in this place.
 G = Mean time per level.
                   A        B        C        D        E       F      G
               +--------+--------+--------+--------+--------+-----+--------+
         Total |   3879 |   3778 |    101 |    494 |   2758 |   3 | 1293.0 |
       Dungeon |   3879 |   3778 |    101 |    494 |   2758 |   3 | 1293.0 |
               +--------+--------+--------+--------+--------+-----+--------+

Top non-repeatable levels by time:
     D:1: 1503 daAuts
     D:3: 1233 daAuts
     D:2: 1142 daAuts
